 Dungeon Crawl Stone Soup version 0.26-a0-1181-gd376ed14c5 (webtiles) character file.

Game seed: 14482112079195295545

21945 Arthanis the Scorcher (level 12, -2/62 HPs)
             Began as a Deep Elf Fire Elementalist on Dec 26, 2020.
             Was a High Priest of Vehumet.
             Slain by an ogre
             ... wielding a +0 giant club
              (30 damage)
             ... on level 13 of the Dungeon.
             The game lasted 00:34:34 (18148 turns).

Arthanis the Scorcher (Deep Elf Fire Elementalist) Turns: 18148, Time: 00:34:34

Health: -2/62      AC: 13    Str:  5    XL:     12   Next: 58%
Magic:  20/30      EV: 14    Int: 26    God:    Vehumet [*****.]
Gold:   799        SH:  0    Dex: 15    Spells: 8/36 levels left

rFire    . . .     SeeInvis .   V - +1 long sword (flame)
rCold    . . .     Faith    .   (no shield)
rNeg     . . .     Spirit   .   t - +0 robe
rPois    +         Reflect  .   M - +0 helmet
rElec    .         Harm     .   H - +2 cloak
rCorr    .         Rampage  .   K - +0 pair of gloves
Will     +....                  g - +1 pair of boots
Stlth    ++........             y - amulet of the acrobat
HPRegen  0.20/turn              j - +4 ring of protection
MPRegen  0.22/turn              Q - ring of poison resistance

@: no status effects
A: no striking features
a: Renounce Religion


You were on level 13 of the Dungeon.
You worshipped Vehumet.
Vehumet was extremely pleased with you.
You visited 2 branches of the dungeon, and saw 14 of its levels.

You collected 799 gold pieces.

Inventory:

Hand Weapons
 G - a +4 quarterstaff of chaos
 I - a +0 spear
 V - a +1 long sword of flaming (weapon)
Missiles
 J - 3 throwing nets
Armour
 g - a +1 pair of boots (worn)
 s - a +0 buckler
 t - a +0 robe (worn)
 H - a +2 cloak (worn)
 K - a +0 pair of gloves (worn)
 M - a +0 helmet (worn)
Magical Staves
 Y - an uncursed staff of cold
Jewellery
 j - a +4 ring of protection (left hand)
 r - a +6 ring of strength
 v - a cursed amulet of inaccuracy {unknown}
 x - an uncursed ring of positive energy
 y - an amulet of the acrobat (around neck)
 D - an uncursed ring of flight
 Q - a ring of poison resistance (right hand)
Wands
 B - a wand of enslavement (11)
 C - a wand of iceblast (23)
 P - a wand of digging (3)
 U - a wand of paralysis (3)
 W - a wand of polymorph (19)
 X - a wand of flame (33)
 Z - a wand of random effects (9)
Scrolls
 a - a scroll of summoning {unknown}
 e - 5 scrolls of magic mapping
 f - 13 scrolls of remove curse
 h - 2 scrolls of fog
 i - 3 scrolls of amnesia
 m - a scroll of enchant armour {unknown}
 n - 9 scrolls of teleportation
 p - 5 scrolls of fear
 L - a scroll of enchant weapon {unknown}
 N - a scroll of holy word {unknown}
 O - 2 scrolls of immolation {unknown}
 T - a scroll of blinking {unknown}
Potions
 b - 2 potions of magic
 c - a potion of attraction {unknown}
 d - 5 potions of heal wounds
 k - a potion of haste {unknown}
 l - 5 potions of curing {unknown}
 o - a potion of flight {unknown}
 q - 3 potions of brilliance {unknown}
 u - 3 potions of degeneration {unknown}
 w - 2 potions of mutation {unknown}
 z - 2 potions of invisibility {unknown}
 A - a potion of resistance {unknown}
 E - a potion of might {unknown}
 F - a potion of ambrosia {unknown}
 R - 2 potions of lignification {unknown}
Miscellaneous
 S - a condenser vane


   Skills:
 - Level 2.0 Fighting
 - Level 4.0 Dodging
 - Level 3.0 Stealth
 - Level 4.0 Shields
 + Level 12.9 Spellcasting
 + Level 10.9 Conjurations
 * Level 15.0 Fire Magic
 - Level 4.1 Evocations


You had 8 spell levels left.
You knew the following spells:

 Your Spells              Type           Power        Failure   Level
a - Foxfire               Conj/Fire      100%         0%          1
b - Conjure Flame         Conj/Fire      71%          1%          3
c - Sticky Flame          Conj/Fire      71%          1%          4
d - Fireball              Conj/Fire      35%          1%          5
e - Magic Dart            Conj           100%         1%          1
f - Mephitic Cloud        Conj/Pois/Air  35%          1%          3
g - Bolt of Magma         Conj/Fire/Erth 29%          1%          5
h - Iron Shot             Conj/Erth      22%          16%         6

Your spell library contained the following spells:

 Spells                   Type           Power        Failure   Level
 Lee's Rapid Deconstruct  Erth           8%           24%         5
 Freeze                   Ice            64%          1%          1
 Searing Ray              Conj           100%         1%          2
 Dazzling Flash           Conj/Hex       90%          1%          3
 Inner Flame              Hex/Fire       54%          1%          3
 Fulminant Prism          Conj/Hex       22%          1%          4
 Hailstorm                Conj/Ice       45%          1%          4
 Iskenderun's Mystic Bla  Conj/Tloc      45%          1%          4
 Animate Skeleton         Necr           32%          3%          1
 Apportation              Tloc           32%          3%          1
 Corona                   Hex            17%          3%          1
 Pain                     Necr           64%          3%          1
 Summon Small Mammal      Summ           64%          3%          1
 Frozen Ramparts          Ice            32%          3%          3
 Ozocubu's Armour         Ice            16%          11%         3
 Vampiric Draining        Necr           8%           11%         3
 Animate Dead             Necr           8%           34%         4
 Summon Ice Beast         Ice/Summ       16%          34%         4
 Agony                    Necr           16%          67%         5


Dungeon Overview and Level Annotations

Branches:
Dungeon (13/15)            Temple (1/1) D:4             Orc (0/2) D:12
 Vaults (0/5) D:13
   Lair: D:8-11

Altars:
Ashenzari
Cheibriados
Dithmenos
Fedhas
Gozag
Kikubaaqudgha
Makhleb
Nemelex Xobeh
Okawaru
Qazlal
Ru
Sif Muna
Trog
Uskayaw
Vehumet
Wu Jian
Xom
Yredelemnul
Zin
The Shining One

Shops:
D:12 :

Portals:
Trove: D:10 (give 14 scrolls of teleportation)


Message History

A cyclops comes into view.
The unseen horror burns!
You kill the unseen horror!
Vehumet accepts your kill.
You feel your power returning.
Reactivating autopickup.
The cyclops throws a large rock.
The large rock hits you!
* * * LOW HITPOINT WARNING * * *
Your Fire Magic skill increases to level 15!
You see here a large rock.
You start resting.
A cyclops is nearby!
You start resting.
A cyclops is nearby!
The cyclops shouts!
An ogre comes into view. It is wielding a +0 giant club.
You slash the ogre! You burn the ogre.
The ogre is heavily wounded.
The ogre hits you with a +0 giant club!!
You die...

.. #....##.......# #.
#.###...).## #. #.# ##.).## #.#
#.# ##...## #.# #.###.###.##
#.########.##.## ##.#
#..........C..# #..
#..#.########.## ##C# #.p#@#
#..###.## #..#O# #.#...##
##..#.# #.##### ##.#.#.#####
#.# #.###......####.## ###
##.#.............# p.#
##.p#(###.####..# #.#######
##[#.###.####..#
........######.#^..........####


You could see an ogre.

Vanquished Creatures
  Snorg (D:13)
  A fire dragon (D:10)
  4 vault guards (D:13)
  A centaur warrior (D:13)
  A two-headed ogre (D:12)
  A tengu warrior (D:13)
  An unseen horror (D:13)
  A deep elf mage (D:10)
  An orc knight (D:12)
  4 ugly things (D:12)
  Joseph (D:7)
  Psyche (D:9)
  A kobold demonologist (D:12)
  Maggie (D:8)
  2 trolls
  Prince Ribbit (D:6)
  7 slime creatures
  A meliai zombie (D:12)
  A vampire (D:12)
  A wraith (D:10)
  A wyvern (D:13)
  3 yaks (D:11)
  Grum (D:9)
  Menkaure (D:5)
  5 vampire mosquitoes (D:12)
  2 water moccasins
  9 orc warriors
  A necrophage (D:8)
  5 ice beasts
  3 sky beasts
  An eye of draining (D:8)
  A hornet zombie (D:9)
  2 phantoms
  6 wolves
  8 ogres
  4 centaurs
  3 big kobolds
  A wyvern zombie (D:13)
  5 bullfrogs
  6 scorpions
  6 killer bees (D:10)
  4 howler monkeys
  9 wights
  2 electric eels (D:12)
  3 bullfrog zombies
  A quasit (D:7)
  8 hounds
  9 orc priests
  Crazy Yiuf (D:7)
  3 jellies
  11 orc wizards
  2 centaur skeletons
  2 iguanas
  8 worker ants
  3 bullfrog skeletons
  A killer bee zombie (D:5)
  A hound zombie (D:8)
  2 hound skeletons
  A worker ant zombie (D:5)
  10 gnolls
  11 adders
  A howler monkey skeleton (D:10)
  2 shadow imps
  5 white imps
  3 ufetubi
  2 oozes (D:3)
  2 adder zombies
  An adder skeleton (D:4)
  4 worms
  2 dart slugs
  6 leopard geckos
  58 orcs
  2 ball pythons
  8 giant cockroaches
  9 goblins
  6 hobgoblins
  22 jackals
  20 kobolds
  10 quokkas
  5 bats
  4 frilled lizards
  7 rats
378 creatures vanquished.

Vanquished Creatures (collateral kills)
  A foxfire (D:4)
1 creature vanquished.

Vanquished Creatures (others)
  1460 foxfires
  4 plants (D:9)
1464 creatures vanquished.

Grand Total: 1843 creatures vanquished

Notes
Turn   | Place    | Note
-------+----------+-------------------------------------------
     0 | D:1      | Arthanis the Deep Elf Fire Elementalist began the quest for
                  | the Orb.
     0 | D:1      | Reached XP level 1. HP: 10/10 MP: 6/6
   193 | D:1      | Reached XP level 2. HP: 15/15 MP: 4/8
   817 | D:1      | Reached skill level 4 in Fire Magic
  1030 | D:2      | Reached XP level 3. HP: 19/19 MP: 8/10
  1070 | D:2      | Learned a level 3 spell: Conjure Flame
  1638 | D:2      | Reached XP level 4. HP: 24/24 MP: 0/11
  1806 | D:3      | Learned a level 4 spell: Sticky Flame
  1938 | D:3      | Found a faded altar of an unknown god.
  2999 | D:3      | Found a sparkling altar of Nemelex Xobeh.
  3384 | D:4      | Reached skill level 5 in Fire Magic
  3539 | D:4      | Reached XP level 5. HP: 28/28 MP: 8/13
  4041 | D:4      | Reached XP level 6. HP: 32/32 MP: 12/15
  4120 | D:4      | Reached skill level 5 in Spellcasting
  4250 | D:4      | Found a staircase to the Ecumenical Temple.
  4259 | Temple   | Entered the Ecumenical Temple
  4303 | Temple   | Became a worshipper of Vehumet
  4352 | D:4      | Reached skill level 6 in Fire Magic
  4657 | D:4      | Learned a level 5 spell: Fireball
  4997 | D:4      | Reached XP level 7. HP: 36/36 MP: 11/17
  5529 | D:5      | Entered Level 5 of the Dungeon
  5583 | D:5      | Noticed Menkaure
  5589 | D:5      | Killed Menkaure
  5590 | D:5      | Reached skill level 7 in Fire Magic
  5659 | D:5      | Reached * piety under Vehumet
  5659 | D:5      | Offered knowledge of Magic Dart by Vehumet.
  5664 | D:5      | Learned a level 1 spell: Magic Dart
  5829 | D:5      | Reached skill level 5 in Conjurations
  5901 | D:5      | Found a broken altar of Ashenzari.
  5912 | D:5      | Reached skill level 8 in Fire Magic
  5912 | D:5      | Reached XP level 8. HP: 33/41 MP: 14/20
  6322 | D:5      | Found a shimmering blue altar of Sif Muna.
  6793 | D:6      | Found a shadowy altar of Dithmenos.
  6794 | D:6      | Found a sacrificial altar of Ru.
  6794 | D:6      | Found a sparkling altar of Nemelex Xobeh.
  6944 | D:6      | Reached skill level 9 in Fire Magic
  7160 | D:6      | Offered knowledge of Freeze by Vehumet.
  7405 | D:6      | Reached ** piety under Vehumet
  7598 | D:6      | Noticed Prince Ribbit
  7605 | D:6      | Killed Prince Ribbit
  7606 | D:6      | Reached XP level 9. HP: 24/45 MP: 18/23
  8148 | D:7      | Found a runed translucent door.
  8149 | D:7      | Noticed Crazy Yiuf
  8164 | D:7      | Killed Crazy Yiuf
  8270 | D:7      | Reached skill level 10 in Fire Magic
  8646 | D:7      | Noticed Joseph
  8815 | D:7      | Killed Joseph
  9065 | D:7      | Offered knowledge of Static Discharge by Vehumet.
  9337 | D:7      | Found an ornate altar of the Wu Jian Council.
  9776 | D:8      | Noticed a torpor snail
  9778 | D:8      | Found a snail-covered altar of Cheibriados.
  9778 | D:8      | Noticed a torpor snail
  9905 | D:8      | Reached *** piety under Vehumet
  9906 | D:8      | Reached skill level 11 in Fire Magic
 10357 | D:8      | Found a shimmering altar of Xom.
 10704 | D:8      | Noticed a torpor snail
 10853 | D:8      | Reached XP level 10. HP: 50/50 MP: 8/25
 11022 | D:8      | Found a radiant altar of Vehumet.
 11119 | D:8      | Noticed Maggie
 11126 | D:8      | Killed Maggie
 11127 | D:8      | Reached skill level 1 in Evocations
 11432 | D:9      | Noticed Grum
 11435 | D:9      | Reached skill level 10 in Spellcasting
 11435 | D:9      | Killed Grum
 11436 | D:9      | Offered knowledge of Mephitic Cloud by Vehumet.
 11445 | D:9      | Learned a level 3 spell: Mephitic Cloud
 11812 | D:9      | Noticed Psyche
 11819 | D:9      | Killed Psyche
 12102 | D:9      | Noticed a fire dragon
 12121 | D:10     | Entered Level 10 of the Dungeon
 12145 | D:10     | Reached skill level 12 in Fire Magic
 12251 | D:10     | Found a portal to a secret trove of treasure.
 12630 | D:10     | Reached **** piety under Vehumet
 12839 | D:10     | Noticed a deep elf mage
 12842 | D:10     | Killed a deep elf mage
 12842 | D:10     | Offered knowledge of Bolt of Magma by Vehumet.
 12849 | D:10     | Learned a level 5 spell: Bolt of Magma
 13490 | D:10     | Killed a fire dragon
 13491 | D:10     | Reached XP level 11. HP: 21/54 MP: 2/27
 14119 | D:11     | Reached skill level 13 in Fire Magic
 14181 | D:11     | You fall into a shaft and drop 1 floor!
 14335 | D:12     | Reached ***** piety under Vehumet
 14515 | D:12     | Offered knowledge of Iron Shot by Vehumet.
 14532 | D:12     | Learned a level 6 spell: Iron Shot
 15011 | D:13     | Noticed a tengu warrior
 15018 | D:13     | Killed a tengu warrior
 15412 | D:13     | Noticed Snorg
 15457 | D:13     | Killed Snorg
 15458 | D:13     | Reached skill level 1 in Fighting
 15458 | D:13     | Reached skill level 10 in Conjurations
 15458 | D:13     | Reached skill level 14 in Fire Magic
 15627 | D:12     | Noticed a brown ugly thing
 15632 | D:12     | Killed a brown ugly thing
 15652 | D:12     | Noticed a two-headed ogre
 15656 | D:12     | Killed a two-headed ogre
 15719 | D:12     | Noticed a green ugly thing
 15807 | D:12     | Killed a green ugly thing
 15835 | D:12     | Reached XP level 12. HP: 59/62 MP: 5/30
 16474 | D:12     | Reached skill level 1 in Shields
 16475 | D:12     | Found a staircase to the Orcish Mines.
 16668 | D:12     | Found Qywe's Book Shop.
 17526 | D:13     | Noticed a centaur warrior
 17530 | D:13     | Killed a centaur warrior
 17724 | D:13     | Noticed a vault guard
 17724 | D:13     | Noticed a vault guard
 17725 | D:13     | Noticed a vault guard
 17727 | D:13     | Noticed a vault guard
 17728 | D:13     | Noticed a vault guard
 17733 | D:13     | Killed a vault guard
 17874 | D:13     | Killed a vault guard
 17877 | D:13     | Killed a vault guard
 17877 | D:13     | Offered knowledge of Lee's Rapid Deconstruction by Vehumet.
 18014 | D:13     | Found a gate to the Vaults.
 18063 | D:13     | Noticed a vault guard
 18071 | D:13     | Killed a vault guard
 18079 | D:13     | Reached skill level 15 in Fire Magic
 18148 | D:13     | Slain by an ogre

Illustrated notes

Levels and vault maps discovered:
D:1:      dpeg_arrival_radiant, layout_basic
D:2:      layout_basic, serial_corexii_hall, corexii_hall_statues_s,
          chequers_hall_statues_y, minmay_split_cup_large
D:3:      layout_basic, chequers_ecumenical_altar_island,
          nemelex_dance_club_becter
D:4:      layout_basic, minmay_temple_entry_waves
D:5:      layout_rooms, old_standard_altar, basic_altar, uniq_menkaure
D:6:      layout_loops_corners, chequers_temple_overflow_statue_of_worship,
          uniq_prince_ribbit1
D:7:      layout_cave_pods, marbit_many_paths, serial_column_ruins,
          column_ruins_grid_1, column_ruins_open_small, column_ruins_open_small,
          uniq_crazy_yiuf_cottage, uniq_joseph
D:8:      layout_loops_ring, cheibriados_altar_2, hangedman_feature_mirror,
          uniq_maggie
D:9:      nzn_winding_woodlands_three_and_one
          [nzn_winding_woodlands_5x15_lazy_stream,
          nzn_winding_woodlands_5x15_river_crossing,
          nzn_winding_woodlands_5x15_split_checker,
          nzn_winding_woodlands_center_diamonds], layout_basic, uniq_grum,
          uniq_psyche
D:10:     layout_basic, nicolae_trove_entry_free_sample, grunt_ministairs_4
D:11:     layout_roguey [special_room_orc], erik_lair_island, serial_ice,
          serial_ice_e, serial_ice_k, serial_ice_b, serial_ice_a, serial_ice_f,
          serial_ice_h
D:12:     layout_stronghold, erik_orc_2, serial_shops, shop_fountains
D:13:     layout_loops_ring, erik_vaults_2, lemuel_blue_sif_altar, uniq_snorg
Temple:   nicolae_temple_elliptical

Skill      XL: |  1  2  3  4  5  6  7  8  9 10 11 12 |
---------------+-------------------------------------+-----
Fire Magic     | 4 5 6 8 9 11 12 14 15 | 15.0
Conjurations   | 2 3 4 5 6 7 9 10 | 10.9
Spellcasting   | 4 5 6 8 9 10 12 | 12.9
Evocations     | 3 4 |  4.1
Dodging        | 4 |  4.0
Stealth        | 3 |  3.0
Fighting       | 2 |  2.0
Shields        | 4 |  4.0

Action                   |  1- 3 |  4- 6 |  7- 9 | 10-12 || total
-------------------------+-------+-------+-------+-------++-------
Melee: Dagger            |     1 |     2 |       |       ||     3
       Falchion          |       |     3 |    13 |       ||    16
       Long sword        |       |       |       |    13 ||    13
 Cast: Foxfire           |    85 |   174 |   387 |   321 ||   967
       Conjure Flame     |       |     3 |     6 |    13 ||    22
       Sticky Flame      |       |     2 |    18 |    56 ||    76
       Fireball          |       |       |     9 |    75 ||    84
       Bolt of Magma     |       |       |       |     5 ||     5
Evoke: Wand              |       |       |     1 |     3 ||     4
  Use: Scroll            |       |       |       |     8 ||     8
 Stab: Sleeping          |     1 |       |     2 |     1 ||     4
Armor: Robe              |     4 |    11 |    35 |    31 ||    81
Dodge: Dodged            |    19 |    28 |    74 |    94 ||   215
       Rpst.: Falchion   |       |     1 |    10 |       ||    11
       Long sword        |       |       |       |    23 ||    23

Table legend: (Time is in decaauts)
 A = Elapsed time spent in this place.
 B = Non-inter-level travel time spent in this place.
 C = Inter-level travel time spent in this place.
 D = Time resting spent in this place.
 E = Time spent auto-exploring this place.
 F = Levels seen in this place.
 G = Mean time per level.
                   A        B        C        D        E       F      G
               +--------+--------+--------+--------+--------+-----+--------+
         Total |  18170 |  17642 |    528 |    339 |  14394 |  14 | 1297.9 |
       Dungeon |  18093 |  17595 |    498 |    339 |  14358 |  13 | 1391.8 |
        Temple |     76 |     46 |     30 |      0 |     36 |   1 |   76.0 |
               +--------+--------+--------+--------+--------+-----+--------+

Top non-repeatable levels by time:
    D:12: 2403 daAuts
     D:4: 2124 daAuts
     D:8: 1803 daAuts
     D:3: 1572 daAuts
    D:10: 1452 daAuts
     D:6: 1436 daAuts
     D:7: 1432 daAuts
    D:13: 1431 daAuts
     D:5: 1109 daAuts
     D:9: 927 daAuts
     D:2: 925 daAuts
     D:1: 873 daAuts
    D:11: 600 daAuts
  Temple: 76 daAuts
